AoeStats
← Kracih

MegaRandom

507844753Analyzed
4v4 RM · 11d ago on Sep 19, 2026· 58m 7s· 8 players
Game mode
Random Map
Map size
Large (8 player)
Population
200
Speed
Normal
Resources
Standard
Victory
Conquest
Starting age
Dark Age
Ending age
Imperial Age
RankedLock teamsTeams togetherTeam positionsShared explorationLock speedFull tech treeHidden civsTurbo modeCheats
Victory
Defeat
🇨🇷 Magyars · Costa Rica
1087
+13
🇷🇺 Jurchens · Russia
1030
+15
🇺🇸 Persians · United States
1010
+16
🇬🇧 Persians · United Kingdom
967
+17
🇷🇺 Persians · Russia
1040
-17
🇬🇧 Franks · United Kingdom
1006
-15
🇺🇸 Tatars · United States
990
-15
🇨🇴 Mongols · Colombia
987
-14
Spicy Meatball
9:44 Loom
11:43 Feudal Age
17:34 Castle Age
17:15 Double-Bit Axe
20:42 Fletching
26:49 Bodkin Arrow
27:34 Padded Archer Armor
28:01 Bloodlines
30:09 Ballistics
30:06 Leather Archer Armor
31:44 Husbandry
32:42 Silk Armor
38:12 Imperial Age
37:04 Gold Mining
39:03 Heavy Cavalry Archer
40:04 Bracer
41:06 Timurid Siegecraft
41:54 Siege Engineers
43:06 Chemistry
46:09 Gold Shaft Mining
LiMe86
2:51 Loom
14:56 Feudal Age
16:03 Double-Bit Axe
21:53 Castle Age
20:05 Stone Mining
20:07 Gold Mining
20:25 Scale Mail Armor
20:34 Arson
21:06 Forging
21:23 Scale Barding Armor
23:26 Bow Saw
24:07 Wheelbarrow
24:17 Squires
24:34 Chain Mail Armor
27:04 Gold Shaft Mining
28:03 Hand Cart
30:21 Imperial Age
28:13 Hand Cart
29:06 #83
29:56 Town Watch
31:35 Plate Mail Armor
31:28 Conscription
33:13 Elite Throwing Axeman
53:41 Iron Casting
53:26 Chain Barding Armor
Kracih
12:13 Feudal Age
10:29 Loom
13:27 Double-Bit Axe
16:06 Castle Age
17:50 Horse Collar
24:14 Heavy Plow
27:44 Wheelbarrow
29:43 Husbandry
29:58 Bloodlines
32:51 Imperial Age
30:40 Hand Cart
34:13 Crop Rotation
33:13 Light Cavalry
34:40 Forging
34:36 Scale Barding Armor
36:33 Iron Casting
37:15 Hussar
38:16 Hussar
40:56 Chain Barding Armor
41:55 Blast Furnace
45:47 Cavalier
53:42 Savar
55:23 Plate Barding Armor
54:39 Fletching
MikeMeanMachine
11:43 Feudal Age
15:18 Castle Age
14:31 Double-Bit Axe
15:16 Horse Collar
17:45 Loom
19:34 Wheelbarrow
27:30 Heavy Plow
27:23 Fletching
27:45 Scale Barding Armor
34:24 Husbandry
35:14 Padded Archer Armor
36:59 Fletching
37:32 Leather Archer Armor
42:32 Bodkin Arrow
44:25 Scale Mail Armor
44:36 Forging
44:48 Chain Barding Armor
45:54 Town Watch
46:11 Gold Mining
46:12 Stone Mining
54:12 Pikeman
54:53 Squires
54:39 Arson
tequilaninja
11:43 Feudal Age
9:58 Loom
12:58 Wheelbarrow
12:17 Double-Bit Axe
18:51 Castle Age
20:18 Bloodlines
19:54 Horse Collar
20:24 Scale Barding Armor
20:31 Forging
22:02 Husbandry
22:14 Squires
23:21 Bow Saw
24:24 Wheelbarrow
26:30 Heavy Plow
26:25 Fletching
27:52 Iron Casting
40:20 Imperial Age
38:07 Hand Cart
38:17 Hand Cart
40:16 Gold Mining
40:17 Stone Mining
40:56 Chain Barding Armor
41:37 Blast Furnace
41:43 Conscription
43:00 Cavalier
46:42 Savar
56:29 Elite War Elephant
Nwelt
8:19 Loom
12:20 Feudal Age
13:03 Double-Bit Axe
17:18 Castle Age
16:10 Horse Collar
16:24 Stone Mining
16:29 Gold Mining
17:32 Town Watch
19:17 Fletching
23:01 Wheelbarrow
23:55 Heavy Plow
27:36 Bow Saw
27:45 Scale Barding Armor
27:51 Forging
30:08 Chain Barding Armor
32:11 Iron Casting
32:03 Bodkin Arrow
39:38 Fortified Bastions
44:22 Imperial Age
44:21 Hand Cart
44:07 Town Patrol
44:46 Gold Shaft Mining
44:50 Stone Shaft Mining
46:00 Conscription
45:00 Elite Iron Pagoda
46:19 Plate Barding Armor
46:45 Blast Furnace
47:28 Guilds
48:28 Two-Man Saw
48:03 Crop Rotation
48:33 Thunderclap Bombs
49:35 Hoardings
52:30 Husbandry
52:43 Bloodlines
52:53 Light Cavalry
53:50 Hussar
Yazz13
7:02 Loom
10:16 Feudal Age
10:43 Double-Bit Axe
21:25 Castle Age
19:36 Gold Mining
20:41 Fletching
22:31 Horse Collar
23:44 Bodkin Arrow
25:18 Bloodlines
27:56 Wheelbarrow
27:37 Thumb Ring
30:08 Padded Archer Armor
30:06 Stone Mining
32:19 Hand Cart
32:59 Leather Archer Armor
33:44 Gold Shaft Mining
36:39 Scale Barding Armor
37:35 Corvinian Army
39:16 Chain Barding Armor
41:32 Imperial Age
40:10 Husbandry
42:00 Bow Saw
41:51 Heavy Plow
42:20 Ballistics
42:56 Plate Barding Armor
42:45 Conscription
43:37 Bracer
43:40 Elite Magyar Huszar
44:29 Bracer
47:08 Recurve Bow
47:38 Parthian Tactics
49:00 Ring Archer Armor
49:34 Chemistry
51:44 Heavy Cavalry Archer
54:51 Scale Mail Armor
57:09 Two-Man Saw
56:10 Heavy Plow
55:58 Town Watch
56:31 Chain Mail Armor
57:41 Recurve Bow
necca
12:05 Feudal Age
13:40 Wheelbarrow
12:55 Double-Bit Axe
12:51 Horse Collar
21:13 Castle Age
21:56 Hand Cart
22:06 Bow Saw
21:59 Heavy Plow
22:59 Town Watch
25:28 Stone Mining
25:31 Gold Mining
27:10 Gold Shaft Mining
27:10 Stone Shaft Mining
27:18 Stone Shaft Mining
27:15 Town Patrol
29:38 Loom
34:43 Imperial Age
33:07 Forging
33:03 Scale Barding Armor
35:51 Iron Casting
35:36 Chain Barding Armor
35:03 Elite War Elephant
36:03 Conscription
35:54 Citadels
35:45 Kamandaran
36:15 Husbandry
36:25 Bloodlines
37:23 Bloodlines
40:44 Blast Furnace
40:19 Plate Barding Armor
40:49 Two-Man Saw
40:20 Crop Rotation
44:54 Elite Skirmisher
47:49 Chemistry
47:10 Ballistics
46:41 Heated Shot
53:29 Caravan
55:22 Padded Archer Armor
55:12 Fletching
Connection lost

Rejoining the realm…

Still unreachable

The connection could not be restored.

Session expired

The server has moved on; the page needs a fresh start.